cohdb
Replays
Latest Replays
All Replays
Popular Replays
Top Player Replays
Match Explorer
How It Works
Community
CoH3 Stats
Reddit
Sign in to upload your games and track your stats! →
Sign in with Steam
Match 20034022
Unlisted
Match 20034022
Overview
Messages
Build Orders
End
Construct Barracks
Riflemen Squad
Selects Advanced Infantry Battlegroup
Riflemen Squad
M1 Mortar Team
Riflemen Squad
Selects Convert to Ranger Squad
Convert to Ranger Squad
Infantry Support Center
Selects Frontline Medical Station
Frontline Medical Station
Advanced Logistics
Convert to Ranger Squad
Engineer Squad
Construct Tank Depot
Selects Ranger Weapon Training
M18 Hellcat Tank Destroyer
Selects Artillery Observers
Convert to Ranger Squad
Mortar Pit
Selects M2A1 105mm Howitzer Emplacement
Survival Training
Selects 155mm Rapid Artillery Barrage
155mm Rapid Artillery Barrage
Jesulin
PAUG.S®
bobik
raven182
Folscher
ShodaN
0
0
Comments
sign in to comment!
No comments posted yet!